Map: Abyssal Reef LE

Players

mrsuprbadass - Winner!

  • Race: Terran Terran
  • League: Silver
  • Spawn Location: 11:00

Chase

  • Race: Zerg Zerg
  • League: Gold
  • Spawn Location: 5:00

VOD

Have the link to the VOD?

Description

Time

  • Played on: Dec. 16, 2024, 12:44 a.m.
  • Length: 5:08
Show
View Real Time Build Order
Export as new Build Order

mrsuprbadass Terran - Winner!

Build Orders:  

Get SALT Encoding   

  12  0:02  SCV  
  14  0:14  SCV  
  14  0:26  SCV  
  14  0:27  Supply Depot  
  15  0:40  Refinery  
  15  0:45  Refinery  
  15  0:56  Barracks  
  15  0:59  SCV  
  16  1:11  SCV  
  17  1:23  SCV  
  18  1:30  Supply Depot  
  18  1:35  SCV  
  19  1:46  Ghost Academy, Barracks Tech Lab  
  19  1:47  SCV  
  20  1:59  SCV  
  21  2:11  SCV  
  22  2:18  Personal Cloaking  
  22  2:23  SCV  
  22  2:26  Factory  
  23  2:43  Ghost Academy  
  23  2:56  Marine  
  24  3:14  Ghost  
  24  3:17  Nuke  
  27  3:27  Supply Depot  
  27  3:57  Hellion  
  27  3:59  Ghost  
  27  4:02  Nuke  
  32  4:18  Hellion  
  34  4:28  Marine  
  35  4:46  Marine  
  36  4:55  Factory Tech Lab  
Show
View Real Time Build Order
Export as new Build Order

Chase Zerg 

Build Orders: Hatch First 

Get SALT Encoding   

  12  0:02  Drone  
  13  0:13  Overlord  
  13  0:17  Drone  
  14  0:35  Drone  
  14  0:36  Drone x2  
  17  0:58  Drone  
  17  1:00  Hatchery  
  17  1:02  Extractor  
  16  1:07  Drone  
  17  1:20  Drone x2  
  19  1:28  Spawning Pool  
  19  1:31  Drone  
  19  1:41  Drone  
  20  1:55  Extractor  
  20  2:00  Drone  
  20  2:07  Drone  
  21  2:13  Overlord  
  21  2:19  Drone  
  22  2:23  Queen  
  22  2:24  Queen  
  22  2:29  Drone  
  28  2:30  Drone  
  28  2:37  Zergling x4  
  30  2:46  Drone x2  
  33  3:05  Zergling x4  
  33  3:07  Hatchery  
  33  3:11  Overlord x2  
  33  3:30  Drone  
  33  3:31  Drone x3  
  37  3:45  Zergling x12  
  43  3:59  Overlord x2  
  44  4:10  Drone x2  
  45  4:26  Spawning Pool  
  45  4:28  Spawning Pool  
  54  5:02  Spore Crawler  
  54  5:05  Spore Crawler  
Tags
 
Add a new tag
Caveats
  • Supply blocks, unpowered buildings, or Contaminate may cause inaccurate times.
  • Supply counts are checked every 10 seconds.